 Dungeon Crawl Stone Soup version 0.20.0-15-g7f486f2 (webtiles) character file.

209 StormFighter the Chopper (level 5, -6/46 HPs)
             Began as a Deep Dwarf Fighter on June 15, 2017.
             Killed by divine providence
             ... invoked by an orc priest
              (15 damage)
             ... on level 4 of the Dungeon.
             The game lasted 00:04:35 (2269 turns).

StormFighter the Chopper (Deep Dwarf Fighter)       Turns: 2269, Time: 00:04:36

Health: -6/46      AC:  8    Str: 21    XL:     5   Next: 55%
Magic:  4/4        EV: 10    Int:  8    God:
Gold:   147        SH:  9    Dex: 12    Spells: 4/4 levels left

rFire    . . .     SeeInvis .   a - +0 war axe
rCold    . . .     Gourm    .   c - +0 shield
rNeg     . . .     Faith    .   b - +0 scale mail
rPois    +         Spirit   .   w - +0 helmet (curse)
rElec    .         Reflect  .   (no cloak)
rCorr    .         Harm     .   (no gloves)
MR       .....                  (no boots)
Stlth    ..........             (no amulet)
Regen    0.0/turn               k - ring of poison resistance
MPRegen  0.1/turn               q - +3 ring of evasion

@: non-regenerating
A: damage resistance, heal wounds, sense surroundings 1, no regeneration
a: Heal Wounds


You were on level 4 of the Dungeon.
You were hungry.

You visited 1 branch of the dungeon, and saw 4 of its levels.

You collected 147 gold pieces.

Inventory:

Hand Weapons
 a - a +0 war axe (weapon)
Armour
 b - a +0 scale mail (worn)
 c - a +0 shield (worn)
 w - a cursed +0 helmet (worn)
Jewellery
 k - a ring of poison resistance (left hand)
 q - a +3 ring of evasion (right hand)
 r - an uncursed ring of magical power
Scrolls
 h - a scroll of amnesia
 j - a scroll of magic mapping {unknown}
 m - 5 scrolls of identify {unknown}
 n - a scroll of enchant armour {unknown}
 o - a scroll of recharging
 s - a scroll of teleportation {unknown}
 v - 3 scrolls of enchant weapon {unknown}
 y - a scroll of remove curse {unknown}
Potions
 d - a potion of might
 e - a potion of lignification {unknown}
 i - a potion of haste {unknown}
 l - a potion of heal wounds {unknown}
 p - 3 potions of curing {unknown}
 t - a potion of magic {unknown}
 u - a potion of flight {unknown}
 x - a potion of cancellation {unknown}
Comestibles
 f - 3 bread rations
 g - 3 meat rations


   Skills:
 - Level 2.6 Fighting
 + Level 6.5 Axes
 - Level 3.2 Armour
 - Level 3.2 Shields


You had 4 spell levels left.
You didn't know any spells.

Dungeon Overview and Level Annotations

Branches:
Dungeon (4/15)
 Temple: D:4-7

Altars:
Cheibriados
Sif Muna

Annotations:
D:4 Dowan, Duvessa, Eustachio


Innate Abilities, Weirdness & Mutations

You are resistant to damage.
You can heal yourself by infusing magical energy.
You passively map a small area around you.
You do not regenerate.


Message History

Your transformation has ended.
Your +0 war axe unmelds from your body.
Your cursed +0 helmet unmelds from your body.
Your +0 shield unmelds from your body.
Your +0 scale mail unmelds from your body.
Your ring of poison resistance unmelds from your body.
Your +3 ring of evasion unmelds from your body.
As you read the scroll labeled CYQAIMM AFUJUYLA, it crumbles to dust.
It is a scroll of recharging.
You aren't carrying any rechargeable items.
The hound bites you but does no damage.
Dowan gestures wildly while chanting.
Dowan blinks!
You block Duvessa's attack.
An orc priest comes into view. It is wielding a dagger.
As you read the scroll labeled WOXAYS XETY, it crumbles to dust.
It is a scroll of amnesia.
You feel forgetful for a moment. The hound bites you but does no damage.
The orc priest mumbles some strange prayers to Beogh against you.
Beogh smites you!
You die...

#######..# #. #........##
#o# #. #.........# #.# #.
#.......#.# #.# ##
#.......#.# #o# #...
#.......#.## #.# ####
*#.....§.#..# #.########
+.......##.# #........#
#.......##.# #@.......#
#.......##..* #heo.....#
#....r..###.###h....e..#
#.......# ..##........#
######.#####.##r.......##
* *#.r.r.r.##....<..... ,
, , #######..#r.......##*
+* * ** ** #..#.########
≈ #..#.#


You could see Duvessa, Dowan, a howler monkey, a hound, an orc priest, 2 river
rats and 2 orcs.

Vanquished Creatures
  An ogre (D:4)
  A hound (D:3)
  2 adders
  2 oozes
  4 dart slugs
  3 leopard geckos
  8 giant cockroaches
  5 goblins
  4 hobgoblins
  2 jackals (D:3)
  6 kobolds
  3 quokkas
  2 ball pythons (D:1)
  8 bats
  2 frilled lizards (D:1)
  10 rats
63 creatures vanquished.

Notes
Turn   | Place    | Note
-------+----------+-------------------------------------------
     0 | D:1      | StormFighter the Deep Dwarf Fighter began the quest for the Orb.
     0 | D:1      | Reached XP level 1. HP: 20/20 MP: 1/1
   185 | D:1      | Reached skill level 3 in Axes
   185 | D:1      | Reached XP level 2. HP: 22/27 MP: 2/2
   439 | D:1      | Reached XP level 3. HP: 26/33 MP: 3/3
   880 | D:2      | Reached skill level 4 in Axes
  1470 | D:3      | Found a snail-covered altar of Cheibriados.
  1476 | D:3      | Reached XP level 4. HP: 22/40 MP: 4/4
  1593 | D:3      | Reached skill level 5 in Axes
  1814 | D:3      | Found a deep blue altar of Sif Muna.
  2125 | D:4      | Noticed an ogre
  2131 | D:4      | Killed an ogre
  2131 | D:4      | Reached skill level 6 in Axes
  2131 | D:4      | Reached XP level 5. HP: 35/46 MP: 4/4
  2169 | D:4      | Noticed Eustachio
  2257 | D:4      | Noticed Duvessa
  2258 | D:4      | Noticed Dowan
  2269 | D:4      | Killed from afar by an orc priest

Skill      XL: |  1  2  3  4 |
---------------+-------------+-----
Axes           | 3 4 6 |  6.5
Fighting       | |  2.6
Armour         | |  3.2
Shields        | |  3.2

Action                   |  1- 3 |  4- 6 || total
-------------------------+-------+-------++-------
Melee: War axe           |   126 |    76 ||   202
       Unarmed           |       |     4 ||     4
 Abil: Heal Wounds       |       |     1 ||     1
  Use: Scroll            |       |     2 ||     2
  Eat: Chunk             |     2 |     2 ||     4
Armor: Scale mail        |    61 |    28 ||    89
       Skin              |       |     1 ||     1
Dodge: Dodged            |    37 |    47 ||    84
Block: Shield            |    75 |    51 ||   126
